TOP OF THE 1ST |
Nassau Rockets batting - Pitching for New York Knights : RHP Dan Wilson
|
Pitching: RHP Dan Wilson
|
|
Batting: SHB Howard Parker
|
0-0: Called Strike 0-1: Ball 1-1: Fly out, F7 (Flyball, 7)
|
Batting: LHB Bob Martin
|
0-0: Ball 1-0: SINGLE (Line Drive, 7S)
|
Batting: LHB Don Ramey
|
0-0: Called Strike 0-1: Ground out U3 (Groundball, 23) Bob Martin to second
|
Batting: RHB Kenji Kudo
|
0-0: Called Strike 0-1: Called Strike 0-2: Foul Ball, location: 2F 0-2: Strikes out swinging
|
Top of the 1st over - 0 run(s), 1 hit(s), 0 error(s), 1 left on base; Nassau 0 - New York 0 |
BOTTOM OF THE 1ST |
New York Knights batting - Pitching for Nassau Rockets : LHP Rod Adams
|
Pitching: LHP Rod Adams
|
|
Batting: RHB Gabriel Erwin
|
0-0: Foul Ball, location: 2F 0-1: Ball 1-1: Ground out 5-3 (Groundball, 25)
|
Batting: LHB Warren Potter
|
0-0: Foul Ball, location: 2F 0-1: Fly out, F9 (Flyball, 89D)
|
Batting: RHB Lonnie Anderson
|
0-0: Foul Ball, location: 2F 0-1: Swinging Strike 0-2: Ball 1-2: Foul Ball, location: 2F 1-2: Strikes out swinging
|
Bottom of the 1st over - 0 run(s), 0 hit(s), 0 error(s), 0 left on base; Nassau 0 - New York 0 |
TOP OF THE 2ND |
Nassau Rockets batting - Pitching for New York Knights : RHP Dan Wilson
|
Batting: SHB Edgardo Osorio
|
0-0: Ball 1-0: Ball 2-0: Called Strike 2-1: SINGLE (Groundball, 34D)
|
Batting: LHB Wilson Allen
|
0-0: Ball 1-0: Ball 2-0: Grounds into double play, 4-6-3 (Groundball, 4)
|
Batting: RHB Jesús Villalobos
|
0-0: Called Strike 0-1: SINGLE (Line Drive, 8LS)
|
Batting: RHB Brant Sherman
|
0-0: Called Strike 0-1: Ball 1-1: Swinging Strike 1-2: Ball 2-2: Fielders Choice at 2nd, 6-4 (Groundball, 6)
|
Top of the 2nd over - 0 run(s), 2 hit(s), 0 error(s), 0 left on base; Nassau 0 - New York 0 |
BOTTOM OF THE 2ND |
New York Knights batting - Pitching for Nassau Rockets : LHP Rod Adams
|
Batting: SHB Marvin Harris
|
0-0: Ball 1-0: Called Strike 1-1: Ball 2-1: Foul Ball, location: 2F 2-2: Foul Ball, location: 2F 2-2: Ball 3-2: Foul Ball, location: 2F 3-2: Strikes out swinging
|
Batting: RHB Pepe Carrasco
|
0-0: Ball 1-0: Ball 2-0: Ball 3-0: Base on Balls
|
Batting: RHB Tokuhei Kobayashi
|
0-0: Foul Ball, location: 2F 0-1: Ball 1-1: Foul Ball, location: 2F 1-2: Strikes out swinging
|
Batting: LHB Dan Hamilton
|
0-0: Ball 1-0: Foul Ball, location: 2F 1-1: Called Strike 1-2: Fly out, F7 (Flyball, 78S)
|
Bottom of the 2nd over - 0 run(s), 0 hit(s), 0 error(s), 1 left on base; Nassau 0 - New York 0 |
TOP OF THE 3RD |
Nassau Rockets batting - Pitching for New York Knights : RHP Dan Wilson
|
Batting: RHB Yaichiro Sugahara
|
0-0: Ball 1-0: Foul Ball, location: 2F 1-1: Foul Ball, location: 2F 1-2: Ball 2-2: Strikes out swinging
|
Batting: SHB Howard Parker
|
0-0: Ball 1-0: Called Strike 1-1: Ball 2-1: Ball 3-1: Foul Ball, location: 2F 3-2: Strikes out swinging
|
Batting: LHB Bob Martin
|
0-0: Called Strike 0-1: Called Strike 0-2: Ball 1-2: DOUBLE (Line Drive, 7LM)
|
Batting: LHB Don Ramey
|
0-0: Ball 1-0: Ball 2-0: Ball 3-0: Base on Balls
|
Batting: RHB Kenji Kudo
|
0-0: DOUBLE (Flyball, 78XD) Bob Martin scores Don Ramey to third Runner from 3rd tries for Home, SAFE, no throw
|
Batting: SHB Edgardo Osorio
|
0-0: Ball 1-0: DOUBLE (Flyball, 9D) Kenji Kudo scores
|
Batting: LHB Wilson Allen
|
0-0: Called Strike 0-1: Called Strike 0-2: Strikes out looking
|
Top of the 3rd over - 3 run(s), 3 hit(s), 0 error(s), 1 left on base; Nassau 3 - New York 0 |
BOTTOM OF THE 3RD |
New York Knights batting - Pitching for Nassau Rockets : LHP Rod Adams
|
Batting: LHB Keith Green
|
0-0: Called Strike 0-1: Foul Ball, location: 2F 0-2: Foul Ball, location: 2F 0-2: Strikes out swinging
|
Batting: RHB Anastasio García
|
0-0: Ball 1-0: Ball 2-0: Ball 3-0: Called Strike 3-1: SOLO HOME RUN (Flyball, 7D), Distance : 380 ft
|
Batting: RHB Gabriel Erwin
|
0-0: Ball 1-0: Called Strike 1-1: Ball 2-1: Called Strike 2-2: Strikes out looking
|
Batting: LHB Warren Potter
|
0-0: Ball 1-0: Ball 2-0: Ground out 6-3 (Groundball, 6M)
|
Bottom of the 3rd over - 1 run(s), 1 hit(s), 0 error(s), 0 left on base; Nassau 3 - New York 1 |
TOP OF THE 4TH |
Nassau Rockets batting - Pitching for New York Knights : RHP Dan Wilson
|
Batting: RHB Jesús Villalobos
|
0-0: Called Strike 0-1: Swinging Strike 0-2: Ball 1-2: Ground out 5-3 (Groundball, 56)
|
Batting: RHB Brant Sherman
|
0-0: Swinging Strike 0-1: Ball 1-1: Called Strike 1-2: Foul Ball, location: 2F 1-2: Reached on error, E4 (Groundball, 4M)
|
Batting: RHB Yaichiro Sugahara
|
0-0: Ball 1-0: Ball 2-0: Swinging Strike 2-1: Called Strike 2-2: Fly out, F7 (Flyball, 78D)
|
Batting: SHB Howard Parker
|
0-0: Ball Brant Sherman steals 2nd base 1-0: Called Strike 1-1: Fly out, F8 (Flyball, 8LS)
|
Top of the 4th over - 0 run(s), 0 hit(s), 1 error(s), 1 left on base; Nassau 3 - New York 1 |
BOTTOM OF THE 4TH |
New York Knights batting - Pitching for Nassau Rockets : LHP Rod Adams
|
Batting: RHB Lonnie Anderson
|
0-0: Called Strike 0-1: SINGLE (Line Drive, 56)
|
Batting: SHB Marvin Harris
|
0-0: Called Strike 0-1: SINGLE (Flyball, 89S) Lonnie Anderson to second Runner from 2nd tries for 3rd, SAFE, throw made to third
|
Batting: RHB Pepe Carrasco
|
0-0: Ball 1-0: Fly out, F4 (Popup, 4MD)
|
Batting: RHB Tokuhei Kobayashi
|
0-0: Ball 1-0: Grounds into double play, 6-4-3 (Groundball, 56)
|
Bottom of the 4th over - 0 run(s), 2 hit(s), 0 error(s), 1 left on base; Nassau 3 - New York 1 |
TOP OF THE 5TH |
Nassau Rockets batting - Pitching for New York Knights : RHP Dan Wilson
|
Pitching: RHP Bill Peterson
|
|
Batting: LHB Bob Martin
|
0-0: Ball 1-0: Called Strike 1-1: Ball 2-1: Ball 3-1: Base on Balls
|
Batting: LHB Don Ramey
|
0-0: Ball 1-0: Called Strike 1-1: Ball 2-1: Fielders Choice at 2nd, 4-6 (Groundball, 4)
|
Batting: RHB Kenji Kudo
|
0-0: Ball 1-0: Foul Ball, location: 2F 1-1: Fly out, F8 (Flyball, 8LM)
|
Batting: SHB Edgardo Osorio
|
0-0: SINGLE (Line Drive, 7LM) Don Ramey to second
|
Batting: LHB Wilson Allen
|
0-0: Ball 1-0: Foul Ball, location: 2F 1-1: Foul Ball, location: 2F 1-2: Strikes out looking
|
Top of the 5th over - 0 run(s), 1 hit(s), 0 error(s), 2 left on base; Nassau 3 - New York 1 |
BOTTOM OF THE 5TH |
New York Knights batting - Pitching for Nassau Rockets : LHP Rod Adams
|
Pitching: RHP Brandon Malet
|
|
Batting: LHB Dan Hamilton
|
0-0: Ground out U3 (Groundball, 3S)
|
Batting: LHB Keith Green
|
0-0: Called Strike 0-1: Ball 1-1: Ball 2-1: Ball 3-1: Foul Ball, location: 2F 3-2: SINGLE (Groundball, 34D)
|
Batting: RHB Anastasio García
|
0-0: Ball 1-0: Ball 2-0: Foul Ball, location: 2F 2-1: Ball 3-1: Grounds into double play, 4-6-3 (Groundball, 4)
|
Bottom of the 5th over - 0 run(s), 1 hit(s), 0 error(s), 0 left on base; Nassau 3 - New York 1 |
TOP OF THE 6TH |
Nassau Rockets batting - Pitching for New York Knights : RHP Bill Peterson
|
Batting: RHB Jesús Villalobos
|
0-0: Called Strike 0-1: Foul Ball, location: 2F 0-2: Ball 1-2: Foul Ball, location: 2F 1-2: Strikes out swinging
|
Batting: RHB Brant Sherman
|
0-0: Ball 1-0: Ball 2-0: Ball 3-0: Called Strike 3-1: Base on Balls
|
Batting: RHB Yaichiro Sugahara
|
0-0: Ball 1-0: Foul Ball, location: 2F 1-1: SINGLE (Line Drive, 78M) Brant Sherman to second
|
Pinch Hitting: LHB Doug Thompson
|
0-0: Swinging Strike 0-1: SINGLE (Groundball, 4MD) Brant Sherman to third Yaichiro Sugahara to second Runner from 3rd tries for Home, SAFE, no throw
|
Pinch Hitting: LHB Andrew Alvarado
|
0-0: Ball 1-0: Called Strike 1-1: Called Strike 1-2: Foul Ball, location: 2F 1-2: Foul Ball, location: 2F 1-2: Ball 2-2: Fielders Choice at 2nd, 4-6 (Groundball, 4M) Yaichiro Sugahara to third
|
Pinch Hitting: SHB Chris Bennis
|
0-0: Ball 1-0: Fielders Choice at 2nd, 4-6 (Groundball, 4)
|
Top of the 6th over - 1 run(s), 2 hit(s), 0 error(s), 1 left on base; Nassau 4 - New York 1 |
BOTTOM OF THE 6TH |
New York Knights batting - Pitching for Nassau Rockets : RHP Brandon Malet
|
Now at 3B: Pete Harvey
|
|
Now at SS: Salvador Borbón
|
|
Now in LF: Doug Thompson
|
|
Batting: RHB Gabriel Erwin
|
0-0: Ground out 6-3 (Groundball, 56)
|
Batting: LHB Warren Potter
|
0-0: Ball 1-0: Called Strike 1-1: Foul Ball, location: 2F 1-2: Foul Ball, location: 2F 1-2: Ball 2-2: SINGLE (Line Drive, 7S)
|
Batting: RHB Lonnie Anderson
|
0-0: Ball Warren Potter is caught stealing 2nd base 1-0: Fly out, F9 (Line Drive, 9)
|
Bottom of the 6th over - 0 run(s), 1 hit(s), 0 error(s), 0 left on base; Nassau 4 - New York 1 |
TOP OF THE 7TH |
Nassau Rockets batting - Pitching for New York Knights : RHP Bill Peterson
|
Batting: RHB Kenji Kudo
|
0-0: Foul Ball, location: 2F 0-1: Foul Ball, location: 2F 0-2: Fly out, F7 (Line Drive, 7D)
|
Batting: LHB Juan Romero
|
0-0: Called Strike 0-1: Fly out, F7 (Flyball, 7)
|
Batting: LHB Wilson Allen
|
0-0: Swinging Strike 0-1: Ball 1-1: Ball 2-1: Called Strike 2-2: Strikes out swinging
|
Top of the 7th over - 0 run(s), 0 hit(s), 0 error(s), 0 left on base; Nassau 4 - New York 1 |
BOTTOM OF THE 7TH |
New York Knights batting - Pitching for Nassau Rockets : RHP Brandon Malet
|
Batting: SHB Marvin Harris
|
0-0: Ball 1-0: Ball 2-0: Foul Ball, location: 2F 2-1: Ball 3-1: Base on Balls
|
Batting: RHB Pepe Carrasco
|
0-0: Foul Ball, location: 2F 0-1: Ball 1-1: Called Strike 1-2: Ball 2-2: Foul Ball, location: 2F 2-2: Ball 3-2: Fly out, F9 (Flyball, 89D)
|
Batting: RHB Tokuhei Kobayashi
|
0-0: Called Strike 0-1: Ball 1-1: Ball 2-1: Ball 3-1: Called Strike 3-2: Grounds into double play, 6-4-3 (Groundball, 6)
|
Bottom of the 7th over - 0 run(s), 0 hit(s), 0 error(s), 0 left on base; Nassau 4 - New York 1 |
TOP OF THE 8TH |
Nassau Rockets batting - Pitching for New York Knights : RHP Bill Peterson
|
Pitching: RHP José Navarro
|
|
Pinch Hitting: RHB Soshu Nakamura
|
0-0: Ball 1-0: Ball 2-0: Called Strike 2-1: Ball 3-1: Base on Balls
|
Batting: RHB Brant Sherman
|
0-0: Foul Ball, location: 2F 0-1: Ball 1-1: Foul Ball, location: 2F 1-2: Strikes out swinging
|
Batting: RHB Yaichiro Sugahara
|
0-0: Ball 1-0: Foul Ball, location: 2F 1-1: Foul Ball, location: 2F 1-2: Foul Ball, location: 2F 1-2: Foul Ball, location: 2F 1-2: Foul Ball, location: 2F 1-2: Ball 2-2: SINGLE (Groundball, 4MD) Soshu Nakamura to second
|
Batting: LHB Doug Thompson
|
0-0: Ball 1-0: Called Strike 1-1: Grounds into double play, 5-4-3 (Groundball, 56)
|
Top of the 8th over - 0 run(s), 1 hit(s), 0 error(s), 1 left on base; Nassau 4 - New York 1 |
BOTTOM OF THE 8TH |
New York Knights batting - Pitching for Nassau Rockets : RHP Brandon Malet
|
Pitching: LHP Dave Miller
|
|
Now at 2B: Soshu Nakamura
|
|
Batting: LHB Dan Hamilton
|
0-0: Ball 1-0: Called Strike 1-1: Ball 2-1: Bunt for hit - play at first, batter safe!
|
Batting: LHB Keith Green
|
0-0: Ball 1-0: Ball 2-0: Fly out, F9 (Flyball, 9)
|
Batting: RHB Anastasio García
|
0-0: Called Strike 0-1: Ball 1-1: Ball 2-1: Called Strike 2-2: Ball 3-2: Ground out U3 (Groundball, 3) Dan Hamilton to second
|
Pinch Hitting: RHB Steve Sampson
|
0-0: Ball 1-0: Called Strike 1-1: SINGLE (Line Drive, 89M) Dan Hamilton to third Runner from 3rd tries for Home, throw and OUT!
|
Bottom of the 8th over - 0 run(s), 2 hit(s), 0 error(s), 1 left on base; Nassau 4 - New York 1 |
TOP OF THE 9TH |
Nassau Rockets batting - Pitching for New York Knights : RHP José Navarro
|
Now in CF: Mike Harris
|
|
Batting: RHB Pete Harvey
|
0-0: Ball 1-0: Called Strike 1-1: Ball 2-1: SINGLE (Flyball, 9LS)
|
Batting: RHB Salvador Borbón
|
0-0: Ball 1-0: Ball 2-0: Ball 3-0: Base on Balls Pete Harvey to second
|
Batting: RHB Kenji Kudo
|
0-0: Ball 1-0: Called Strike 1-1: Fly out, F8 (Flyball, 8LM)
|
Batting: LHB Juan Romero
|
0-0: Ball 1-0: Ball 2-0: Called Strike 2-1: Ball 3-1: Foul Ball, location: 2F 3-2: Fly out, F4 (Line Drive, 4)
|
Pinch Hitting: SHB Pepe Piña
|
0-0: Ball 1-0: Called Strike 1-1: Foul Ball, location: 2F 1-2: Ball 2-2: Foul Ball, location: 2F 2-2: Fly out, F8 (Flyball, 8LD)
|
Top of the 9th over - 0 run(s), 1 hit(s), 0 error(s), 2 left on base; Nassau 4 - New York 1 |
BOTTOM OF THE 9TH |
New York Knights batting - Pitching for Nassau Rockets : LHP Dave Miller
|
Pitching: RHP Guan-cai Yong
|
|
Now at 1B: Pepe Piña
|
|
Pinch Hitting: LHB Marcos Pérez
|
0-0: Ball 1-0: Ground out 4-3 (Groundball, 34)
|
Pinch Hitting: RHB Cheng-ho Qiao
|
0-0: Called Strike 0-1: Called Strike 0-2: Strikes out swinging
|
Pinch Hitting: LHB Nicholas Alston
|
0-0: Called Strike 0-1: Foul Ball, location: 2F 0-2: Foul Ball, location: 2F 0-2: Ball 1-2: Strikes out looking
|
Bottom of the 9th over - 0 run(s), 0 hit(s), 0 error(s), 0 left on base; Nassau 4 - New York 1 |
|